AoeStats
← Shadov

Arena

510916977Analyzed
4v4 RM · 7h ago on Oct 3, 2026· 35m 17s· 8 players
Game mode
Random Map
Map size
Large (8 player)
Population
200
Speed
Normal
Resources
Standard
Victory
Conquest
Starting age
Dark Age
Ending age
Imperial Age
RankedLock teamsTeams togetherTeam positionsShared explorationLock speedFull tech treeHidden civsTurbo modeCheats
Victory
Defeat
🇨🇦 Turks · Canada
817
+10
🇨🇦 Britons · Canada
715
+14
🇨🇦 Spanish · Canada
686
+14
🇨🇦 Japanese · Canada
667
+15
🇺🇸 Teutons · United States
678
-14
🇨🇳 Bulgarians · China
663
-13
660
-13
🇺🇸 Vietnamese · United States
652
-13
Paradox™
11:27 Feudal Age
17:49 Castle Age
17:03 Double-Bit Axe
17:03 Horse Collar
19:42 Bow Saw
19:36 Heavy Plow
26:13 Pikeman
26:43 Gambesons
27:00 Elite Skirmisher
Dr_foul
13:53 Feudal Age
14:34 Double-Bit Axe
15:34 Gold Mining
23:24 Castle Age
21:29 Stone Mining
21:51 Horse Collar
22:20 Fletching
23:43 Wheelbarrow
25:04 Stone Shaft Mining
24:28 Bodkin Arrow
28:44 Murder Holes
30:55 Ballistics
31:17 Padded Archer Armor
31:51 Treadmill Crane
汉东省太想进步厅长
3:05 Loom
11:38 Feudal Age
18:02 Castle Age
欧皇
13:26 Feudal Age
17:28 Fletching
17:41 Padded Archer Armor
17:53 Forging
22:25 Double-Bit Axe
22:23 Horse Collar
Idontcare
12:32 Feudal Age
10:56 Loom
13:45 Double-Bit Axe
17:10 Castle Age
15:32 Horse Collar
15:59 Gold Mining
18:28 Wheelbarrow
18:30 Bow Saw
19:23 Heavy Plow
22:40 Fletching
22:51 Padded Archer Armor
30:26 Bloodlines
30:17 Husbandry
35:47 Imperial Age
33:33 Hand Cart
wild bill_1234
13:28 Feudal Age
19:35 Castle Age
17:57 Double-Bit Axe
17:54 Horse Collar
18:56 Gold Mining
22:38 Wheelbarrow
23:20 Gold Shaft Mining
29:39 Ballistics
29:18 Murder Holes
29:48 Hand Cart
30:21 Fletching
30:32 Padded Archer Armor
kaipulla
12:06 Feudal Age
10:23 Loom
16:05 Castle Age
14:06 Double-Bit Axe
14:04 Horse Collar
15:58 Scale Barding Armor
18:45 Forging
22:45 Iron Casting
24:14 Elite Skirmisher
25:04 Husbandry
30:29 Bloodlines
29:40 Light Cavalry
31:37 Heavy Plow
31:51 Bow Saw
33:36 Wheelbarrow
32:47 Town Watch
34:09 Thumb Ring
Shadov
0:41 Loom
13:28 Feudal Age
17:52 Castle Age
15:45 Double-Bit Axe
16:57 Stone Mining
16:58 Gold Mining
16:59 Horse Collar
18:41 Wheelbarrow
19:37 Town Watch
20:11 Hand Cart
26:10 Treadmill Crane
27:47 Elite Skirmisher
Connection lost

Rejoining the realm…

Still unreachable

The connection could not be restored.

Session expired

The server has moved on; the page needs a fresh start.